 Dungeon Crawl Stone Soup version 0.32-a0-613-g40f424ee2b (webtiles) character file.

Game seed: 8332938930578925159

9305 Descartes the Earth Mage (level 11, -8/64 (68) HPs)
             Began as a Formicid Earth Elementalist on Mar 5, 2024.
             Was an Initiate of Gozag.
             Mangled by a troll (11 damage)
             ... on level 10 of the Dungeon on Mar 9, 2024.
             The game lasted 00:24:47 (9014 turns).

Descartes the Earth Mage (FoEE)                     Turns: 9014, Time: 00:24:48

HP:   -8/64 (68)    AC:  8    Str: 23    XL:     11   Next: 71%
MP:   27/27         EV: 12    Int: 14    God:    Gozag
Gold: 869           SH:  8    Dex: 18    Spells: 16/20 levels left

rFire   + . .        N - +3 trident of the Foremost Invaders {venom, ^Contam rElec Str+4 SInv}
rCold   + . .        h - +2 buckler
rNeg    . . .        F - +3 troll leather armour
rPois   +            (helmet unavailable)
rElec   +            (no cloak)
rCorr   .            L - +0 pair of gloves
SInv    +            (no boots)
Will    +....        m - amulet of magic regeneration
Stlth   ++           q - ring of protection from fire
HPRegen 1.10/turn    o - ring "Fadwimy" {rPois MP+9 Str+3}
MPRegen 0.60/turn

%: no passive effects
@: drained, unable to read
A: permanent stasis, dig shafts and tunnels, antennae 3, four strong arms,
hooves 1, agile 1, cold resistance 1, shaggy fur 1, wild magic 1, inability to
read after injury 1
a: Dig, Shaft Self, Renounce Religion, Potion Petition, Call Merchant, Bribe
Branch


You were on level 10 of the Dungeon.
You worshipped Gozag.
Gozag was pleased with you.
You visited 2 branches of the dungeon, and saw 12 of its levels.
You also visited: Bailey.

You collected 1265 gold pieces.
You spent 294 gold pieces at shops.
You paid 102 gold pieces to Gozag.

Inventory:

Hand Weapons
 d - a +4 falchion
 x - a +3 battleaxe
 M - a +0 arbalest
 N - the +3 trident of the Foremost Invaders (weapon) {venom, ^Contam rElec Str+4 SInv}
   (You took it off an orc in a bailey)

   Str+4:     It affects your strength (+4).
   rElec:     It insulates you from electricity.
   SInv:      It lets you see invisible.
   ^Contam:   It causes magical contamination when unequipped.
Missiles
 k - 16 poisoned darts
 r - 5 boomerangs
 t - 2 curare-tipped darts
Armour
 h - a +2 buckler (worn)
 F - a +3 troll leather armour (worn)
 J - a +1 scale mail of willpower
 L - a +0 pair of gloves (worn)
 O - a +1 robe of willpower
 P - +0 steam dragon scales
Magical Staves
 f - a staff of fire
Jewellery
 m - an amulet of magic regeneration (around neck)
 o - the ring "Fadwimy" (right hand) {rPois MP+9 Str+3}
   (You acquired it on level 10 of the Dungeon)

   [ring of magical power]

   Str+3:     It affects your strength (+3).
   rPois:     It protects you from poison.
   MP+9:      It affects your magic capacity (+9).
 q - a ring of protection from fire (left hand)
 B - a ring of flight
Wands
 y - a wand of paralysis (8)
 A - a wand of flame (4)
 I - a wand of acid (5)
Scrolls
 e - 5 scrolls of revelation
 i - 3 scrolls of poison
 n - 2 scrolls of immolation
 s - a scroll of brand weapon {unknown}
 w - 3 scrolls of vulnerability {unknown}
 E - a scroll of noise {unknown}
 G - 2 scrolls of enchant armour
 H - a scroll of silence {unknown}
 K - 2 scrolls of enchant weapon {unknown}
Potions
 a - 2 potions of enlightenment
 b - 3 potions of magic
 c - a potion of lignification {unknown}
 g - 2 potions of ambrosia
 j - 2 potions of mutation
 l - a potion of haste {unknown}
 p - 3 potions of curing
 u - 2 potions of attraction
 v - a potion of invisibility {unknown}
 z - 4 potions of heal wounds
 C - a potion of cancellation {unknown}
 D - 2 potions of might {unknown}


   Skills:
 - Level 5.0 Armour
 - Level 1.7 Dodging
 - Level 2.4 Stealth
 - Level 8.0 Shields
 - Level 5.0 Spellcasting
 - Level 0.8 Conjurations
 * Level 17.8 Earth Magic


You had 16 spell levels left.
You knew the following spells:

 Your Spells              Type           Power      Damage    Failure   Level
a - Sandblast             Erth           100%       2d20      1%          1
b - Stone Arrow           Conj/Erth      76%        3d11      3%          3

Your spell library contained the following spells:

 Spells                   Type           Power      Damage    Failure   Level
 Passwall                 Erth           62%        N/A       1%          3
 Brom's Barrelling Bould  Conj/Erth      38%        2d6       8%          4
 Petrify                  Alch/Erth      37%        N/A       10%         4
 Sting                    Conj/Alch      24%        1d4       26%         1
 Freeze                   Ice            16%        1d4       30%         1
 Cigotuvi's Dreadful Rot  Necr/Alch/Air  8%         N/A       43%         2
 Mercury Vapours          Alch/Air       8%         N/A       43%         2
 Scorch                   Fire           8%         2d5       43%         2
 Hailstorm                Conj/Ice       6%         3d5       58%         3
 Frozen Ramparts          Ice            8%         1d2       65%         3
 Flame Wave               Conj/Fire      6%         2d5       92%         4
 Ignite Poison            Fire/Alch      4%         N/A       95%         4
 Olgreb's Toxic Radiance  Alch           4%         N/A       95%         4
 Fireball                 Conj/Fire      3%         3d4       99%         5
 Iskenderun's Battlesphe  Conj           7%         2d6       99%         5
 Freezing Cloud           Conj/Ice/Air   2%         6-21      100%        5
 Conjure Ball Lightning   Conj/Air       3%         3x3d6     100%        6
 Summon Cactus Giant      Summ           2%         N/A       100%        6
 Orb of Destruction       Conj           3%         9d5       100%        7


Dungeon Overview and Level Annotations

Branches:
Dungeon (11/15)            Temple (1/1) D:7            Lair (0/5) D:9
 Bailey (visited)
    Orc: D:9-12

Altars:
Ashenzari
Cheibriados
Dithmenos
Elyvilon
Fedhas
Gozag
Hepliaklqana
Kikubaaqudgha
Makhleb
Nemelex Xobeh
Okawaru
Qazlal
Ru
Sif Muna
Trog
Uskayaw
Vehumet
Wu Jian
Xom
Yredelemnul
Zin
The Shining One

Shops:
D:2 *   D:5 ?

Portals:
Trove: D:11 (give 16 potions of curing)

Annotations:
D:1 2 transporters
D:11 Sonja


Innate Abilities, Weirdness & Mutations

You cannot be hasted, slowed, berserked, paralysed or teleported.
You can dig through walls and to a lower floor.
You have a pair of large antennae on your head. (SInv)
Your four strong arms can wield two-handed weapons with a shield.
You have large cloven feet.
You are agile. (Dex +4, Str/Int -1)
Your flesh is cold resistant. (rC+)
You are covered in fur. (AC +1)
Your spells are a little harder to cast, but a little more powerful.
You occasionally lose the ability to read scrolls when taking damage.


Message History

The howler monkey hoots and howls with incredible vigour! x2
The troll bites you! The troll claws you.
You feel threatened and lose the ability to read scrolls!
The troll claws you but does no damage.
You hear a shout! x4
There is a stone staircase leading up, spattered with blood here.
The troll bites you. You block the troll's attack. x2
You climb upwards.
There is a stone staircase leading down here.
Casting: Sandblast (safe; 1% risk of failure)
Confirm with . or Enter, or press ? or * to list all spells.
Aiming: Sandblast (safe; 1% risk of failure)
Press: ? - help, Shift-Dir - straight line, f - troll
Aim: a troll (85% to hit)
The blast of sand hits the troll.
The troll is lightly wounded.
The troll bites you. You block the troll's attack. The troll claws you!
You block the troll's attack. The troll claws you. x2
Casting: Sandblast (safe; 1% risk of failure)
Confirm with . or Enter, or press ? or * to list all spells.
Aiming: Sandblast (safe; 1% risk of failure)
Press: ? - help, Shift-Dir - straight line, f/p - troll
Aim: a troll (lightly wounded, 85% to hit)
The blast of sand hits the troll!
The troll is heavily wounded.
The troll bites you. The troll claws you! You block the troll's attack.
Casting: Sandblast (safe; 1% risk of failure)
Confirm with . or Enter, or press ? or * to list all spells.
Aiming: Sandblast (safe; 1% risk of failure)
Press: ? - help, Shift-Dir - straight line, f/p - troll
Aim: a troll (heavily wounded, 85% to hit)
The blast of sand hits the troll!
The troll is almost dead.
The troll barely misses you. The troll claws you!
* * * LOW HITPOINT WARNING * * *
The troll claws you!
* * * LOW HITPOINT WARNING * * *
The troll barely misses you. The troll claws you!
You die...
Your body crumbles into a pile of gold.

#..# #.........#
#..# #..#
##........# #..#
#..# #........#
#..# #..#
#........# #..#
####..#
#........# #..#
#.#...#
#........# #..#
##)#..#
#........# #..#
###..#
#..T.....# #..#
#..# #..@.....#
#..# #..#
#........# #..#
#..# #........#
#..#
#..####........#
#..#
#..............#
#..#
################
####


You could see a troll.

Vanquished Creatures
  2 two-headed ogres
  2 orc knights (Bailey)
  An orc sorcerer (Bailey)
  Psyche (D:8)
  2 kobold demonologists
  2 trolls
  2 hornets
  Prince Ribbit (D:6)
  A wyvern (D:9)
  4 yaks (D:10)
  2 vampire mosquitoes (D:10)
  Menkaure (D:7)
  A steam dragon (D:7)
  A black bear (D:6)
  2 ice beasts (D:7)
  8 orc warriors
  A sky beast (D:7)
  An ogre (D:5)
  3 centaurs
  3 phantoms
  2 bullfrogs
  2 kobold brigands
  2 scorpions
  A gnoll sergeant (D:10)
  4 wights (D:4)
  3 howler monkeys
  8 electric eels (Bailey)
  2 bombardier beetles (D:4)
  3 jellies
  A gnoll bouda (D:7)
  5 orc priests
  6 hounds
  An iguana (D:5)
  2 sleepcaps
  7 orc wizards
  22 gnolls
  7 adders
  3 white imps
  4 ufetubi (D:6)
  3 ribbon worms
  38 orcs
  9 ball pythons
  4 bats
  7 endoplasms
  A giant cockroach (D:4)
  12 goblins
  7 hobgoblins
  7 jackals
  2 quokkas
  2 frilled lizards
  11 kobolds
  5 rats
234 creatures vanquished.

Notes
Turn   | Place    | Note
-------+----------+-------------------------------------------
     0 | D:1      | Descartes the Formicid Earth Elementalist began the quest
                  | for the Orb.
     0 | D:1      | Reached XP level 1. HP: 13/13 MP: 3/3
   122 | D:1      | Reached skill level 4 in Earth Magic
   198 | D:1      | Reached XP level 2. HP: 19/19 MP: 1/5
   670 | D:2      | Reached XP level 3. HP: 24/24 MP: 4/6
   771 | D:2      | Reached skill level 1 in Shields
  1087 | D:2      | Found Rimpaosm's General Store.
  1246 | D:3      | Found a faded altar of an unknown god.
  1255 | D:3      | Reached skill level 5 in Earth Magic
  1353 | D:3      | Reached XP level 4. HP: 30/30 MP: 4/7
  1784 | D:3      | Reached XP level 5. HP: 35/35 MP: 8/8
  2294 | D:4      | Reached skill level 1 in Armour
  2299 | D:4      | Reached XP level 6. HP: 31/41 MP: 6/9
  2417 | D:4      | Reached skill level 6 in Earth Magic
  2426 | D:4      | Learned a level 3 spell: Stone Arrow
  2743 | D:4      | Reached skill level 5 in Shields
  2813 | D:4      | Reached XP level 7. HP: 37/46 MP: 9/11
  3152 | D:5      | Entered Level 5 of the Dungeon
  3204 | D:5      | Reached skill level 7 in Earth Magic
  3334 | D:5      | Found Oniqopiess's Magic Scroll Shop.
  3530 | D:5      | Reached XP level 8. HP: 52/52 MP: 13/13
  3898 | D:6      | Reached skill level 8 in Earth Magic
  4019 | D:6      | Found a sacrificial altar of Ru.
  4058 | D:6      | Noticed Prince Ribbit
  4061 | D:6      | Killed Prince Ribbit
  4062 | D:6      | Reached XP level 9. HP: 57/57 MP: 15/15
  4394 | D:6      | Reached skill level 9 in Earth Magic
  4765 | D:7      | Noticed a troll
  4773 | D:6      | Killed a troll
  4774 | D:6      | Reached skill level 5 in Spellcasting
  4970 | D:7      | Reached skill level 5 in Armour
  4970 | D:7      | Reached skill level 10 in Earth Magic
  4977 | D:7      | Noticed a hornet
  4985 | D:7      | Killed a hornet
  5070 | D:7      | Reached skill level 11 in Earth Magic
  5244 | D:7      | Found a staircase to the Ecumenical Temple.
  5342 | D:7      | Noticed Menkaure
  5363 | D:7      | Killed Menkaure
  5364 | D:7      | Reached XP level 10. HP: 42/60 MP: 15/17
  5605 | D:7      | Reached skill level 12 in Earth Magic
  5676 | Temple   | Entered the Ecumenical Temple
  5682 | Temple   | Became a worshipper of Gozag Ym Sagoz the Greedy
  5818 | D:8      | Noticed a two-headed ogre
  5824 | D:8      | Killed a two-headed ogre
  5825 | D:8      | Reached skill level 13 in Earth Magic
  5969 | D:8      | Noticed Psyche
  5975 | D:8      | Killed Psyche
  6226 | D:5      | Bought a scroll of identify for 28 gold pieces
  6226 | D:5      | Bought a scroll of enchant armour for 105 gold pieces
  6226 | D:5      | Bought a scroll of identify for 28 gold pieces
  6226 | D:5      | Bought a scroll of enchant armour for 105 gold pieces
  6226 | D:5      | Bought a scroll of identify for 28 gold pieces
  6239 | D:5      | Gained mutation: Your skin changes colour to match your
                  | surroundings (Stealth+). [potion of mutation]
  6239 | D:5      | Gained mutation: You are weak. (Str -2) [potion of
                  | mutation]
  6239 | D:5      | Gained mutation: Your spells are a little harder to cast,
                  | but a little more powerful. [potion of mutation]
  6240 | D:5      | Lost mutation: Your skin changes colour to match your
                  | surroundings (Stealth+). [potion of mutation]
  6240 | D:5      | Lost mutation: You are weak. (Str -2) [potion of mutation]
  6240 | D:5      | Gained mutation: Your spells are harder to cast, but more
                  | powerful. [potion of mutation]
  6240 | D:5      | Gained mutation: You have large cloven feet. [potion of
                  | mutation]
  6240 | D:5      | Gained mutation: You are agile. (Dex +4, Str/Int -1)
                  | [potion of mutation]
  6241 | D:5      | Lost mutation: You have large cloven feet. [potion of
                  | mutation]
  6241 | D:5      | Lost mutation: Your spells are harder to cast, but more
                  | powerful. [potion of mutation]
  6241 | D:5      | Gained mutation: You occasionally lose the ability to read
                  | scrolls when taking damage. [potion of mutation]
  6241 | D:5      | Gained mutation: Your flesh is cold resistant. (rC+)
                  | [potion of mutation]
  6241 | D:5      | Gained mutation: You are covered in fur. (AC +1) [potion of
                  | mutation]
  6241 | D:5      | Gained mutation: You have large cloven feet. [potion of
                  | mutation]
  6342 | D:8      | Reached skill level 14 in Earth Magic
  6645 | D:9      | Found a bloodstained altar of Trog.
  7099 | D:9      | Found a staircase to the Lair.
  7386 | D:10     | Entered Level 10 of the Dungeon
  7386 | D:10     | Noticed a two-headed ogre
  7393 | D:10     | Killed a two-headed ogre
  7394 | D:10     | Reached skill level 15 in Earth Magic
  7394 | D:10     | Reached XP level 11. HP: 42/68 MP: 15/18
  7679 | D:10     | Reached skill level 16 in Earth Magic
  7745 | D:10     | Found a flagged portal.
  7760 | Bailey   | Entered a bailey
  7865 | Bailey   | Noticed an orc knight
  7913 | Bailey   | Killed an orc knight
  7988 | Bailey   | Noticed an orc knight
  8014 | Bailey   | Killed an orc knight
  8015 | Bailey   | Reached skill level 17 in Earth Magic
  8247 | Bailey   | Identified the +3 trident of the Foremost Invaders {venom,
                  | ^Contam rElec Str+4 SInv}
  8379 | Bailey   | Found an iron altar of Okawaru.
  8380 | Bailey   | Noticed an orc sorcerer
  8397 | Bailey   | Killed an orc sorcerer
  8540 | D:10     | Acquired the ring "Fadwimy" {rPois MP+9 Str+3}
  8976 | D:11     | Found a portal to a secret trove of treasure.
  8998 | D:11     | Noticed Sonja
  9014 | D:10     | HP: 3/64 [troll (10)]
  9014 | D:10     | Mangled by a troll

Illustrated notes

Levels and vault maps discovered:
D:1:      spicycebolla_arrival_transporter_tutorial, layout_basic,
          minmay_misc_feat_roman, minmay_tromino_v2
D:2:      layout_rooms, serial_shops, shop
D:3:      layout_loops_ring, nicolae_ecumenical_snake_handling,
          grunt_ministairs_6, hex_medium, minivault_24, st_stairs_13
D:4:      layout_basic
D:5:      layout_loops_ring, serial_shops, shop, serial_bayou_lagoon_b
D:6:      layout_loops_ring, nicolae_ru_sacrificial_ziggurat,
          uniq_prince_ribbit1
D:7:      layout_gridville, minmay_temple_entry_water_ring, uniq_menkaure
D:8:      layout_loops_ring, uniq_psyche
D:9:      layout_irregular_city, mainiacjoe_overflow_boulevard,
          lair_entry_dummy, serial_rivers, chequers_serial_rivers_micro_e,
          chequers_serial_rivers_room_b, chequers_serial_rivers_room_a,
          chequers_serial_rivers_micro_e
D:10:     layout_long_grid, enter_bailey_3
D:11:     minmay_twisted_water, layout_loops_ring,
          nicolae_trove_entry_free_sample, uniq_sonja
Temple:   nicolae_temple_bog_church

Skill      XL: |  1  2  3  4  5  6  7  8  9 10 11 |
---------------+----------------------------------+-----
Earth Magic    | 4 5 6 7 8 11 15 17 | 17.8
Shields        | 2 3 4 5 6 7 8 |  8.0
Armour         | 1 2 3 5 |  5.0
Spellcasting   | 3 4 5 |  5.0
Dodging        | |  1.7
Stealth        | |  2.4
Conjurations   | |  0.8

Action                     |  1- 3 |  4- 6 |  7- 9 | 10-12 || total
---------------------------+-------+-------+-------+-------++-------
  Melee: Unarmed           |     3 |       |       |       ||     3
         Hand axe          |       |     6 |       |       ||     6
         Battleaxe         |       |       |       |     1 ||     1
   Cast: Sandblast         |    40 |    81 |   138 |   212 ||   471
Ability: Dig               |       |       |     1 |     2 ||     3
    Use: Scroll            |       |       |       |    15 ||    15
         Potion            |       |       |       |     4 ||     4
 Armour: Robe              |     5 |       |       |       ||     5
         Ring mail         |       |    21 |    46 |       ||    67
         Troll leather arm |       |       |     9 |    78 ||    87
  Dodge: Dodged            |     4 |    22 |    34 |    42 ||   102
  Block: Buckler           |       |    15 |    31 |    40 ||    86

Table legend: (Time is in decaauts)
 A = Elapsed time spent in this place.
 B = Non-inter-level travel time spent in this place.
 C = Inter-level travel time spent in this place.
 D = Time resting spent in this place.
 E = Time spent auto-exploring this place.
 F = Levels seen in this place.
 G = Mean time per level.
                   A        B        C        D        E       F      G
               +--------+--------+--------+--------+--------+-----+--------+
         Total |   9270 |   8825 |    445 |      0 |   6924 |  13 |  713.1 |
       Dungeon |   8436 |   7991 |    445 |      0 |   6558 |  11 |  766.9 |
        Temple |     13 |     13 |      0 |      0 |      0 |   1 |   13.0 |
        Bailey |    820 |    820 |      0 |      0 |    366 |   1 |  820.0 |
               +--------+--------+--------+--------+--------+-----+--------+

Top non-repeatable levels by time:
     D:6: 1145 daAuts
     D:3: 1122 daAuts
     D:4: 942 daAuts
     D:7: 881 daAuts
    D:10: 841 daAuts
  Bailey: 820 daAuts
     D:9: 819 daAuts
     D:5: 817 daAuts
     D:8: 677 daAuts
     D:1: 604 daAuts
     D:2: 547 daAuts
    D:11: 36 daAuts
  Temple: 13 daAuts
